 Dungeon Crawl Stone Soup version 0.23.2-40-g277498a001 (webtiles) character file.

Game seed: 7357140384217421941

52 FishyPogo the Magician (level 3, -2/31 HPs)
             Began as a Troll Wizard on Oct 5, 2019.
             Slain by a white imp (4 damage)
             ... summoned by Natasha
             ... on level 2 of the Dungeon.
             The game lasted 00:09:40 (1731 turns).

FishyPogo the Magician (Troll Wizard)               Turns: 1731, Time: 00:09:40

Health: -2/31      AC:  6    Str: 15    XL:     3   Next: 60%
Magic:  3/5        EV: 10    Int: 14    God:
Gold:   59         SH:  2    Dex:  9    Spells: 5/6 levels left

rFire    . . .     SeeInvis .   i - -1 spear (curse)
rCold    . . .     Gourm    +   (no shield)
rNeg     . . .     Faith    .   a - +0 robe
rPois    .         Spirit   .   b - +0 hat
rElec    .         Reflect  +   (no cloak)
rCorr    .         Harm     .   (gloves unavailable)
MR       .....     Clarity  +   (boots unavailable)
Stlth    +.........             j - +2 amulet of reflection
HPRegen  0.50/turn              (no ring)
MPRegen  0.09/turn              (no ring)

@: slowed, very slow
A: large, unfitting armour, claws 3, horns 1, clarity, fast metabolism 3,
gourmand, regeneration 1, shaggy fur 1, tough skin 3
a: no special abilities


You were on level 2 of the Dungeon.
You were hungry.

You visited 1 branch of the dungeon, and saw 3 of its levels.

You collected 59 gold pieces.

Inventory:

Hand Weapons
 h - a +1 vampiric dagger
 i - a cursed -1 spear (weapon)
 k - a +1 short sword of venom
Missiles
 g - 51 stones (quivered)
 m - 3 javelins
Armour
 a - a +0 robe (worn)
 b - a +0 hat (worn)
Jewellery
 j - a +2 amulet of reflection (around neck)
Scrolls
 c - a scroll of immolation
Potions
 f - a potion of flight
Comestibles
 d - 6 rations


   Skills:
 + Level 2.0 Dodging
 + Level 1.3 Stealth
 + Level 2.2 Spellcasting
 * Level 1.6 Conjurations
   Level 0.6 Summonings
   Level 0.6 Translocations


You had 5 spell levels left.
You knew the following spells:

 Your Spells              Type           Power        Failure   Level  Hunger
a - Magic Dart            Conj           #...         12%         1    #......

Your spell library contained the following spells:

 Spells                   Type           Power        Failure   Level  Hunger
 Blink                    Tloc           N/A          28%         2    ###....
 Call Imp                 Summ           #.......     28%         2    ###....
 Slow                     Hex            #.......     34%         2    ###....
 Conjure Flame            Conj/Fire      #.......     45%         3    ###....
 Mephitic Cloud           Conj/Pois/Air  #.......     50%         3    ###....


Dungeon Overview and Level Annotations

Branches:
Dungeon (3/15)

Altars:

Annotations:
D:2 4 exclusions, Natasha


Innate Abilities, Weirdness & Mutations

You are too large for most types of armour.
You have claws for hands.
Your metabolism is lightning-fast.
You like to eat raw meat.
Your natural rate of healing is unusually fast.
You are covered in fur. (AC +1)
You have extremely tough skin. (AC +3)
You have a pair of small horns on your head.
You possess an exceptional clarity of mind.


Message History

The puff of frost hits you!
* * * LOW HITPOINT WARNING * * *
Natasha barely misses you.
The crimson imp hits you but does no damage.
Your magical effects are unravelling.
You feel magically purged.
You feel yourself speed up. The white imp hits you.
* * * LOW HITPOINT WARNING * * *
The white imp freezes you.
* * * LOW HITPOINT WARNING * * *
Natasha stares at you and mumbles some strange words.
You feel yourself slow down. The crimson imp closely misses you.
The white imp barely misses you.
You closely miss Natasha.
Natasha is heavily wounded.
Natasha misses you.
The crimson imp hits you but does no damage.
The white imp hits you.
You die...

### ..#
#.# #.# #
#.# .#
#.###.###
#...h...#
#.5@....#
#..5)...#
#.###.###
### .# #


You could see Natasha, a crimson imp and a white imp.

Vanquished Creatures
  2 adders (D:2)
  3 leopard geckos
  4 bats
  5 goblins
  A hobgoblin (D:2)
  2 jackals (D:1)
  A ball python (D:1)
  7 kobolds
  5 rats (D:1)
30 creatures vanquished.

Notes
Turn   | Place    | Note
-------+----------+-------------------------------------------
     0 | D:1      | FishyPogo the Troll Wizard began the quest for the Orb.
     0 | D:1      | Reached XP level 1. HP: 16/16 MP: 2/2
    90 | D:1      | Reached skill level 1 in Conjurations
   121 | D:1      | Reached XP level 2. HP: 24/24 MP: 4/4
   783 | D:2      | Reached XP level 3. HP: 22/31 MP: 0/5
   949 | D:2      | Noticed a sky beast
  1703 | D:2      | Noticed Natasha
  1717 | D:2      | Gained mutation: You have a pair of small horns on your
                  | head. [potion of mutation]
  1717 | D:2      | Gained mutation: You possess an exceptional clarity of
                  | mind. [potion of mutation]
  1730 | D:2      | HP: 1/31 [white imp[Natasha] (3)]
  1731 | D:2      | Slain by a white imp

Skill      XL: |  1  2  3 |
---------------+----------+-----
Conjurations   | 1 |  1.6
Dodging        | 2 |  2.0
Stealth        | |  1.3
Spellcasting   | |  2.2
Summonings     | |  0.6
Translocations | |  0.6

Action                   || total
-------------------------++-------
Melee: Unarmed           ||    26
       Spear             ||    86
       Headbutt          ||     1
 Cast: Magic Dart        ||    37
  Use: Scroll            ||     7
       Potion            ||     4
  Eat: Chunk             ||    18
Armor: Robe              ||    49
Dodge: Dodged            ||    78
Block: Other             ||     7
